Map: Year Zero LE

Players

MrSaltyWhite

  • Race: Zerg Zerg
  • League: Silver
  • Spawn Location: 11:00

Сибирьбряк - Winner!

  • Race: Protoss Protoss
  • League: Silver
  • Spawn Location: 1:00

VOD

Have the link to the VOD?

Description

The gold 3 Seruzs, playing terran against zerg. One of my best matches.

Time

  • Played on: March 11, 2019, 4:54 p.m.
  • Length: 19:04
Show
View Real Time Build Order
Export as new Build Order

MrSaltyWhite Zerg 

Build Orders: Hatch First 

Get SALT Encoding   

  12  0:04  Drone  
  13  0:18  Drone  
  13  0:20  Overlord  
  14  0:45  Hatchery  
  14  0:47  Drone  
  14  1:07  Spawning Pool  
  14  1:10  Drone  
  15  1:11  Drone  
  15  1:16  Extractor  
  15  1:17  Drone  
  15  1:25  Drone  
  16  1:57  Queen  
  16  1:58  Queen  
  16  1:59  Drone  
  21  2:01  Drone x2  
  21  2:02  Drone  
  24  2:19  Zergling x4  
  24  2:20  Zergling x2  
  27  2:24  Drone, Extractor  
  27  2:31  Drone  
  28  3:00  Metabolic Boost  
  27  3:19  Zergling x2  
  27  3:20  Overlord x3  
  27  3:35  Overlord x2  
  27  3:38  Zergling x2, Queen  
  30  3:45  Evolution Chamber  
  29  3:48  Roach Warren  
  28  4:00  Zergling x2  
  28  4:01  Zergling x14  
  36  4:13  Zergling x6  
  39  4:26  Zergling x2  
  39  4:27  Zergling x6  
  34  5:09  Roach  
  34  5:10  Roach x8  
  52  5:14  Lair  
  52  5:18  Drone  
  52  5:20  Drone  
  52  5:47  Ravager x2  
  52  5:48  Ravager  
  54  5:54  Zerg Missile Weapons Level 1  
  54  6:08  Drone x7  
  61  6:12  Extractor  
  61  6:14  Extractor  
  59  6:32  Ravager  
  48  7:01  Roach  
  48  7:02  Roach x6  
  60  7:12  Overlord  
  60  7:13  Overlord x3  
  52  7:45  Roach x10  
  66  8:01  Ravager  
  67  8:08  Drone x2  
  67  8:09  Drone  
  70  8:14  Glial Reconstitution  
  70  8:29  Ravager x2  
  72  8:38  Hatchery  
  49  9:12  Zergling x2  
  49  9:13  Zergling x34  
  52  9:36  Queen  
  52  9:37  Spire, Queen  
  55  9:40  Spore Crawler  
  36  10:15  Hydralisk Den  
  36  10:19  Roach x3  
  36  10:20  Roach x3  
  47  10:22  Drone  
  47  10:26  Drone  
  49  10:44  Ravager x3  
  49  10:45  Ravager x3  
  55  10:52  Drone x3  
  55  10:53  Drone  
  59  11:04  Drone  
  59  11:05  Drone x4  
  64  11:23  Drone x3  
  67  11:27  Drone x4  
  67  11:29  Drone x2  
  73  11:33  Drone  
  74  11:42  Zerg Flyer Weapons Level 1  
  74  11:45  Zerg Ground Armor Level 1  
  74  11:48  Muscular Augments  
  74  11:59  Drone, Extractor  
  74  12:00  Drone x2  
  76  12:01  Drone, Extractor  
  76  12:02  Drone x3  
  76  12:04  Drone  
  80  12:34  Drone x3  
  80  12:35  Queen  
  85  12:52  Drone  
  85  12:55  Corruptor x2  
  85  12:57  Overlord x3  
  90  13:12  Infestation Pit  
  89  13:25  Corruptor x5  
  89  13:26  Corruptor x5  
  109  13:37  Zerg Flyer Armor Level 1  
  109  13:38  Grooved Spines, Zerg Missile Weapons Level 2  
  109  13:40  Hydralisk  
  109  13:41  Hydralisk  
  111  13:43  Overlord x4  
  113  14:05  Hatchery  
  112  14:26  Infestor x2  
  112  14:27  Infestor x2  
  120  14:50  Hive  
  120  15:15  Hydralisk  
  120  15:16  Hydralisk x8  
  138  15:23  Overlord x7  
  138  15:26  Overseer x2  
  138  15:30  Zerg Flyer Weapons Level 2  
  138  15:54  Zerg Ground Armor Level 2  
  123  16:23  Hydralisk  
  123  16:24  Hydralisk x17  
  116  16:50  Viper  
  74  17:28  Viper  
  38  17:32  Hydralisk x3  
  38  17:33  Hydralisk x3  
  30  17:46  Zergling x16  
    18:36  Drone x3  
Show
View Real Time Build Order
Export as new Build Order

Сибирьбряк Protoss - Winner!

Build Orders: Carriers 

Get SALT Encoding   

  1  0:00  Probe  
  13  0:19  Probe  
  14  0:22  Pylon  
  14  0:31  Probe  
  15  0:42  Forge  
  15  0:44  Probe  
  16  1:07  Probe  
  16  1:08  Pylon  
  17  1:18  Photon Cannon  
  17  1:19  Probe  
  17  1:21  Photon Cannon  
  18  1:34  Gateway  
  18  1:36  Probe  
  19  1:44  Assimilator, Probe  
  19  1:53  Probe  
  21  2:03  Probe  
  22  2:11  Probe  
  22  2:13  Assimilator  
  23  2:19  Probe  
  23  2:24  Cybernetics Core  
  23  2:29  Zealot, Probe  
  27  2:42  Probe  
  28  2:48  Nexus  
  28  3:03  Shield Battery  
  28  3:06  Shield Battery  
  28  3:18  Stalker  
  28  3:35  Pylon  
  28  3:39  Pylon  
  28  3:48  Stalker  
  28  3:50  Stargate  
  30  3:56  Pylon  
  30  4:16  Photon Cannon  
  30  4:18  Stalker  
  30  4:22  Probe  
  32  4:30  Probe  
  34  4:40  Probe  
  35  4:48  Stalker  
  35  4:52  Probe  
  38  5:04  Probe  
  39  5:11  Assimilator  
  39  5:12  Probe  
  39  5:13  Assimilator  
  39  5:20  Probe  
  41  5:30  Photon Cannon, Fleet Beacon  
  41  5:31  Probe  
  41  5:32  Pylon  
  42  5:36  Stargate  
  42  5:39  Stalker  
  44  5:43  Probe  
  45  5:55  Probe  
  46  6:02  Photon Cannon  
  46  6:03  Protoss Shields Level 1  
  46  6:07  Probe  
  47  6:15  Stalker  
  47  6:17  Probe  
  49  6:25  Probe  
  51  6:33  Probe  
  51  6:39  Carrier  
  58  6:43  Carrier, Pylon  
  58  6:45  Probe  
  59  6:48  Stalker  
  61  6:57  Probe  
  61  6:58  Photon Cannon  
  60  7:11  Shield Battery  
  60  7:19  Stalker  
  62  7:37  Pylon  
  62  7:45  Photon Cannon  
  62  8:07  Photon Cannon  
  62  8:12  Carrier  
  68  8:13  Carrier  
  68  8:16  Stargate  
  74  8:22  Stalker  
  76  8:39  Robotics Facility  
  74  8:52  Pylon  
  68  9:10  Carrier  
  72  9:20  Nexus  
  70  9:35  Carrier  
  70  9:36  Carrier  
  82  9:41  Probe  
  83  9:49  Probe  
  83  9:51  Pylon  
  83  9:59  Probe  
  81  10:08  Probe  
  81  10:14  Pylon  
  82  10:16  Probe  
  83  10:25  Probe  
  83  10:27  Observer  
  84  10:33  Protoss Air Weapons Level 1  
  85  10:37  Probe  
  86  10:44  Cybernetics Core  
  86  10:48  Carrier  
  86  10:49  Probe  
  93  10:58  Carrier  
  93  11:00  Probe  
  100  11:08  Probe  
  100  11:17  Probe  
  102  11:26  Twilight Council  
  102  11:29  Probe  
  103  11:32  Pylon  
  103  11:41  Probe, Pylon  
  103  11:44  Pylon  
  104  11:55  Assimilator  
  104  12:02  Assimilator  
  104  12:05  Carrier x2  
  104  12:08  Carrier  
  122  12:15  Protoss Air Armor Level 1  
  122  12:24  Pylon  
  122  12:27  Pylon  
  122  12:36  Pylon  
  122  12:38  Stargate  
  122  12:43  Protoss Air Weapons Level 2  
  122  12:46  Protoss Shields Level 2  
  122  13:11  Carrier  
  128  13:13  Carrier  
  134  13:24  Pylon  
  134  13:32  Carrier  
  140  13:44  Carrier  
  146  14:22  Protoss Air Armor Level 2  
  152  14:24  Carrier  
  152  14:28  Carrier  
  158  14:36  Pylon  
  158  14:39  Pylon  
  158  14:44  Pylon  
  158  14:58  Carrier  
  164  15:07  Nexus  
  164  15:28  Pylon  
  164  15:29  Carrier  
  164  15:33  Carrier  
  176  15:49  Carrier  
  185  18:21  Observer  
  186  18:42  Observer  
Tags
 
Composition
Carriers
Matchup
PvZ
Spawn Locations
Close Positions
Add a new tag
Caveats
  • Supply blocks, unpowered buildings, or Contaminate may cause inaccurate times.
  • Supply counts are checked every 10 seconds.